 Dungeon Crawl Stone Soup version 0.21-a0-634-gaf8bc5d (webtiles) character file.

63 shenanigans the Charmwright (level 4, 0/35 HPs)
             Began as a Barachi Skald on Dec 30, 2017.
             Slain by a centaur (1 damage)
             ... on level 2 of the Dungeon.
             The game lasted 00:03:22 (1118 turns).

shenanigans the Charmwright (Barachi Skald)         Turns: 1118, Time: 00:03:22

Health: 0/35       AC:  3    Str: 13    XL:     4   Next: 9%
Magic:  5/8        EV: 12    Int: 16    God:
Gold:   57         SH:  0    Dex: 13    Spells: 7/8 levels left

rFire    . . .     SeeInvis .   a - +0 hand axe
rCold    . . .     Gourm    .   (no shield)
rNeg     . . .     Faith    .   b - +0 leather armour
rPois    .         Spirit   .   (no helmet)
rElec    .         Reflect  .   (no cloak)
rCorr    .         Harm     .   (no gloves)
MR       .....     Rnd*Tele +   (no boots)
Stlth    ++........             (no amulet)
HPRegen  0.11/turn              h - ring of teleportation (curse)
MPRegen  0.11/turn              (no ring)

@: infused, flying, slow
A: +LOS, swims, thin skeletal structure 1, blurry vision 1, clever 1, slowness
1, strong legs 1
a: Hop


You were on level 2 of the Dungeon.
You were not hungry.

You visited 1 branch of the dungeon, and saw 2 of its levels.

You collected 57 gold pieces.

Inventory:

Hand Weapons
 a - a +0 hand axe (weapon)
Armour
 b - a +0 leather armour (worn)
Jewellery
 h - a cursed ring of teleportation (left hand)
Scrolls
 e - a scroll of enchant armour {unknown}
 j - a scroll of fog {unknown}
 k - 3 scrolls of teleportation {unknown}
 l - a scroll of identify {unknown}
 n - a scroll of remove curse {unknown}
 o - a scroll of enchant weapon {unknown}
Potions
 f - a potion of mutation
 g - 2 potions of brilliance
 i - a potion of agility
Books
 c - a book of Battle

   Spells                             Type                      Level
   a - Infusion                       Charms                       1
   b - Shroud of Golubria             Charms/Translocation         2
   c - Song of Slaying                Charms                       2
   d - Spectral Weapon                Hexes/Charms                 3
   e - Regeneration                   Charms/Necromancy            3
Comestibles
 d - 4 rations


   Skills:
 + Level 3.2 Fighting
 + Level 2.8 Axes
 + Level 2.2 Armour
 + Level 2.8 Dodging
 + Level 2.8 Spellcasting
 - Level 3.2 Charms


You had 7 spell levels left.
You knew the following spells:

 Your Spells              Type           Power        Failure   Level  Hunger
a - Infusion              Chrm           ##..         6%          1    #......


Dungeon Overview and Level Annotations

Branches:
Dungeon (2/15)

Altars:
Uskayaw


Innate Abilities, Weirdness & Mutations

Shadows flee at your approach. (+LOS)
You can swim through water.
You cover ground slowly.
You can hop short distances.
You have a somewhat thin skeletal structure. (Dex +2, Stealth)
Scrolls take you a little longer to read.
Your mind is acute. (Int +2)


Message History

The centaur closely misses you.
You barely miss the centaur.
The centaur is lightly wounded.
The centaur closely misses you. The centaur barely misses you.
You hit the centaur.
The centaur is moderately wounded.
You hit the rat.
You kill the rat!
The centaur hits you.
* * * LOW HITPOINT WARNING * * *
The centaur barely misses you.
It was a potion of mutation.
You feel extremely strange.
You feel clever.
Your vision blurs.
Your bones become slightly less dense.
The centaur hits you but does no damage.
The centaur hits you!
* * * LOW HITPOINT WARNING * * *
It was a potion of flight.
You feel very buoyant.
You fly up into the air.
The centaur hits you.
You die...

..........##.#.#
..........##.#.#
..........##.#.# .
..........##÷..# .
..........##..##
#### .
..........##..# ...
#
..........##.<###(#
.
##........#....(..#
#..........†@.####
....#..c#.# ...
#.#.#.# .$ ...#....
.....##...#. .....
#...... .... #...#
.. . #...# ##.
#...# .$


You could see a centaur.

Vanquished Creatures
  2 adders (D:2)
  A dart slug (D:1)
  2 giant cockroaches (D:1)
  3 hobgoblins (D:1)
  7 jackals
  7 kobolds
  2 quokkas (D:2)
  5 bats
  4 frilled lizards
  5 goblins
  A rat (D:2)
39 creatures vanquished.

Notes
Turn   | Place    | Note
-------+----------+-------------------------------------------
     0 | D:1      | shenanigans the Barachi Skald began the quest for the Orb.
     0 | D:1      | Reached XP level 1. HP: 17/17 MP: 3/3
    83 | D:1      | Reached XP level 2. HP: 20/23 MP: 0/5
   411 | D:1      | Reached XP level 3. HP: 28/28 MP: 6/6
   939 | D:2      | Noticed a dagger
   940 | D:2      | Noticed a dagger
   945 | D:2      | Found a hide-covered altar of Uskayaw.
   951 | D:2      | Reached XP level 4. HP: 31/35 MP: 4/8
  1104 | D:2      | Noticed a centaur
  1117 | D:2      | Gained mutation: Your mind is acute. (Int +2) [potion of mutation]
  1117 | D:2      | Gained mutation: Scrolls take you a little longer to read. [potion of mutation]
  1117 | D:2      | Gained mutation: You have a somewhat thin skeletal structure. (Dex +2, Stealth) [potion of mutation]
  1117 | D:2      | HP: 1/35 [centaur (7)]
  1118 | D:2      | Slain by a centaur

Vault maps used:
D:1:      nicolae_arrival_memento_mori
D:2:      dancing_weapons_uskayaw, kennysheep_another_room,
          grunt_decor_arrowhead

Skill      XL: |  1  2  3 |
---------------+----------+-----
Armour         | 2 |  2.2
Fighting       | 3 |  3.2
Axes           | |  2.8
Dodging        | |  2.8
Spellcasting   | |  2.8
Charms         | |  3.2

Action                   |  1- 3 |  4- 6 || total
-------------------------+-------+-------++-------
Melee: Hand axe          |   124 |    21 ||   145
 Cast: Infusion          |     3 |     1 ||     4
  Use: Potion            |     3 |     2 ||     5
  Eat: Chunk             |       |     1 ||     1
Armor: Leather armour    |    41 |     8 ||    49
Dodge: Dodged            |   126 |    24 ||   150

Table legend:
 A = Spawn XP
 B = Non-spawn XP
 C = Spawn XP percentage of total XP
 D = Spawn monster count
 E = Non-spawn monster count
 F = Spawn count percentage of total count
 G = Total turns spent on level
                    A         B        C        D         E        F      G
               +---------+---------+-------+---------+---------+-------+---------
         Total |       0 |      90 |   0.0 |       0 |      39 |   0.0 |  1118
               +---------+---------+-------+---------+---------+-------+---------
           D:1 |       0 |      42 |   0.0 |       0 |      24 |   0.0 |   818
           D:2 |       0 |      48 |   0.0 |       0 |      15 |   0.0 |   300
               +---------+---------+-------+---------+---------+-------+---------
